 Dungeon Crawl Stone Soup version 0.24-a0-580-g6a6c3f83c1 (webtiles) character file.

Game seed: 12969507333091373160

238994 Gall2222 the Apostle (level 19, -4/181 HPs)
             Began as a Hill Orc Fighter on Aug 21, 2019.
             Was a High Priest of Beogh.
             Slain by a hell knight zombie (6 damage)
             ... summoned by a curse skull
             ... while paralysed
             ... on level 3 of the Vaults.
             The game lasted 01:21:54 (43643 turns).

Gall2222 the Apostle (Hill Orc Fighter)            Turns: 43643, Time: 01:21:54

Health: -4/181     AC: 30    Str: 22    XL:     19   Next: 73%
Magic:  32/32      EV:  2    Int:  5    God:    Beogh [*****.]
Gold:   2182       SH:  0    Dex: 18    Spells: 18/18 levels left

rFire    . . .     SeeInvis +   i - +2 broad axe
rCold    + . .     Gourm    .   U - +0 shield {reflect}
rNeg     . . .     Faith    .   l - +0 chain mail
rPois    .         Spirit   .   s - +0 helmet {SInv}
rElec    .         Reflect  +   Q - +0 cloak {rC+}
rCorr    .         Harm     .   d - +0 pair of gloves {Dex+3}
MR       +++..     Rnd*Rage +   M - +2 pair of boots
Stlth    ..........             N - necklace of Bloodlust {*Rage +Rage MR++ Int-3 Slay+6 *Curse} (curse)
HPRegen  0.40/turn              F - +4 ring of protection
MPRegen  0.23/turn              H - +3 ring of protection

@: paralysed, berserk cooldown, slowed, studying Dodging
A: walk on water
}: 1/15 runes: barnacled
a: Smiting, Recall Orcish Followers, Give Item to Named Follower, Renounce
Religion, Evoke Berserk Rage


You were on level 3 of the Vaults.
You worshipped Beogh.
Beogh was extremely pleased with you.
You were not hungry.

You visited 6 branches of the dungeon, and saw 34 of its levels.
You also visited: Ice Cave.

You collected 3435 gold pieces.
You spent 1253 gold pieces at shops.

Inventory:

Hand Weapons
 c - a +2 war axe of electrocution
 i - a +2 broad axe (weapon)
Missiles
 h - 6 curare-tipped darts (quivered)
 K - 7 throwing nets
Armour
 d - a +0 pair of gloves of dexterity (worn)
 l - a +0 chain mail (worn)
 s - a +0 helmet of see invisible (worn)
 M - a +2 pair of boots (worn)
 Q - a +0 cloak of cold resistance (worn)
 U - a +0 shield of reflection (worn)
Jewellery
 a - an uncursed ring of protection from magic
 n - the amulet "Wanoqar" {Spirit *Slow rC+++ Int+4}
   (You found it on level 5 of the Lair of Beasts)

   [amulet of guardian spirit]

   It causes incoming damage to be split between your health and magic.
   It affects your intelligence (+4).
   It renders you almost immune to cold.
   It may slow you when you take damage.
 r - a cursed amulet of magic regeneration
 z - the amulet "Joq Ture" {rN+ Regen+ Dex+6}
   (You found it on level 9 of the Dungeon)

   [amulet of regeneration]

   It affects your dexterity (+6).
   It protects you from negative energy.
   It increases your rate of regeneration.
 E - an uncursed ring of see invisible
 F - a +4 ring of protection (left hand)
 H - a +3 ring of protection (right hand)
 N - the cursed necklace of Bloodlust (around neck) {*Rage +Rage MR++ Int-3 Slay+6 *Curse}
   (You bought it in a shop on level 3 of the Snake Pit)

   [amulet of rage]

   It affects your intelligence (-3).
   It affects your accuracy and damage with ranged weapons and melee attacks
   (+6).
   It affects your resistance to hostile enchantments.
   It lets you go berserk.
   It may make you go berserk in combat.
   It curses itself when equipped.
   It has a curse placed upon it.
Wands
 w - a wand of paralysis (37)
 y - a wand of clouds (1)
 A - a wand of iceblast (9)
 P - a wand of acid (15)
 V - a wand of digging (7)
Scrolls
 b - 7 scrolls of enchant armour
 e - a scroll of magic mapping
 j - 2 scrolls of silence
 m - 17 scrolls of remove curse
 q - 10 scrolls of identify
 t - 4 scrolls of enchant weapon
 v - 19 scrolls of teleportation
 x - 3 scrolls of fear
 C - 4 scrolls of fog
 T - 2 scrolls of blinking
Potions
 g - 12 potions of curing
 k - 3 potions of invisibility
 p - 11 potions of agility
 u - 2 potions of heal wounds
 B - 4 potions of flight
 D - 5 potions of lignification
 G - 2 potions of ambrosia
 J - a potion of mutation
 L - 3 potions of brilliance
 Y - 4 potions of haste
Books
 O - a manual of Dodging
Comestibles
 f - 37 rations
 o - 6 chunks of flesh


   Skills:
 + Level 18.6 Fighting
 - Level 18.0 Axes
 + Level 17.3 Armour
 * Level 17.5 Shields
 + Level 19.0 Invocations


You had 18 spell levels left.
You didn't know any spells.
Your spell library contained the following spells:

 Spells                   Type           Power        Failure   Level  Hunger
 Confusing Touch          Hex            #.....       91%         1    ##.....
 Flame Tongue             Conj/Fire      #....        91%         1    ##.....
 Infusion                 Chrm           #...         91%         1    ##.....
 Magic Dart               Conj           #...         91%         1    ##.....
 Shock                    Conj/Air       #...         91%         1    ##.....
 Summon Butterflies       Summ           #.......     91%         1    ##.....
 Searing Ray              Conj           #.....       97%         2    ###....
 Shroud of Golubria       Chrm/Tloc      #.....       97%         2    ###....
 Song of Slaying          Chrm           #.......     97%         2    ###....
 Swiftness                Chrm/Air       #.......     97%         2    ###....
 Throw Flame              Conj/Fire      #.....       97%         2    ###....
 Call Canine Familiar     Summ           #.......     100%        3    ####...
 Confuse                  Hex            #.......     100%        3    ####...
 Conjure Flame            Conj/Fire      #.......     100%        3    ####...
 Dazzling Spray           Conj/Hex       #.....       100%        3    ####...
 Gell's Gravitas          Tloc           #.........   100%        3    ####...
 Ignite Poison            Fire/Tmut/Pois #.......     100%        3    ####...
 Inner Flame              Hex/Fire       #.......     100%        3    ####...
 Recall                   Summ/Tloc      N/A          100%        3    ####...
 Regeneration             Chrm/Necr      #.........   100%        3    ####...
 Spectral Weapon          Hex/Chrm       #.......     100%        3    ####...
 Static Discharge         Conj/Air       #.......     100%        3    ####...
 Airstrike                Air            #.........   100%        4    #####..
 Animate Dead             Necr           N/A          100%        4    #####..
 Cause Fear               Hex            #.........   100%        4    #####..
 Force Lance              Conj/Tloc      #.......     100%        4    #####..
 Fulminant Prism          Conj/Hex       #.........   100%        4    #####..
 Iskenderun's Mystic Bla  Conj           #.......     100%        4    #####..
 Petrify                  Tmut/Erth      #.......     100%        4    #####..
 Sticky Flame             Conj/Fire      #.......     100%        4    #####..
 Summon Ice Beast         Ice/Summ       #.......     100%        4    #####..
 Summon Lightning Spire   Summ/Air       #.......     100%        4    #####..
 Borgnjor's Vile Clutch   Necr/Erth      #.........   100%        5    ######.
 Fireball                 Conj/Fire      #.........   100%        5    ######.
 Lightning Bolt           Conj/Air       #.........   100%        5    ######.
 Metabolic Englaciation   Hex/Ice        #.........   100%        5    ######.
 Silence                  Hex/Air        #.........   100%        5    ######.
 Summon Mana Viper        Hex/Summ       #.......     100%        5    ######.
 Yara's Violent Unravell  Hex/Tmut       #.........   100%        5    ######.
 Bolt of Cold             Conj/Ice       #.........   100%        6    #######
 Bolt of Fire             Conj/Fire      #.........   100%        6    #######
 Conjure Ball Lightning   Conj/Air       #.........   100%        6    #######
 Death Channel            Necr           #.........   100%        6    #######
 Deflect Missiles         Chrm/Air       #.........   100%        6    #######
 Simulacrum               Ice/Necr       #.........   100%        6    #######
 Ring of Flames           Chrm/Fire      #.........   100%        7    #######
 Spellforged Servitor     Conj/Summ      #.........   100%        7    #######
 Summon Hydra             Summ           #.........   100%        7    #######
 Discord                  Hex            #.........   100%        8    #######
 Ignition                 Fire           #.........   100%        8    #######
 Tornado                  Air            #.........   100%        9    #######


Dungeon Overview and Level Annotations

Branches:
Dungeon (15/15)            Temple (0/1) D:4            Lair (6/6) D:11
 Shoals (4/4) Lair:4        Snake (4/4) Lair:3        Slime (0/5) Lair:5
    Orc (2/2) D:9             Elf (0/3) Orc:2        Vaults (3/5) D:14
 Depths (0/5) D:15          IceCv (visited)
  Crypt: Vaults:2-3

Altars:
Cheibriados
Elyvilon
Fedhas
Makhleb
Nemelex Xobeh
Qazlal
Ru
Sif Muna
Trog
Vehumet
Yredelemnul
Zin
The Shining One
Beogh

Shops:
D:15 *   Orc:2 (%}?   Snake:2 ==}   Snake:3 =(=   Vaults:1 =

Portals:
Pandemonium: Orc:2

Annotations:
D:3 2 transporters, demivan's ghost, amateur HOMo
D:6 2 transporters, Protee's ghost, novice BaFi
D:10 exclusion: orange crystal statue


Message History

Your chain mail prevents you from hitting the skeletal warrior.
You slash the flying skull!
You destroy the flying skull!
You slash the hell knight zombie! You barely miss the shadow wraith.
You hit the spectral stone giant. You block the shadow wraith's attack.
The skeletal warrior hits you but does no damage.
You hit the curse skull but do no damage.
The curse skull is heavily damaged.
You hit the spectral stone giant. You completely miss the shadow wraith.
You slash the hell knight zombie!
You cut the skeletal warrior into ribbons!!!
You slash the spectral yaktaur captain!
You are no longer berserk.
You pass out from exhaustion.
You feel as though you will be slow longer.
The spectral stone giant hits you but does no damage.
The shadow wraith hits you but does no damage.
The spectral yaktaur captain hits you but does no damage.
The hell knight zombie hits you.
You die...

###################
..................#
..................#
######+########..#
#........##..#
#ZM).....##..#
#zZz.....##..#
#.@Z.....##..#
#.ZW.....##..#
#........##..#
#........##..#
#.......?##..#
#........##..#
#........##..#
#........##..# #..#


You could see a skeletal warrior, a shadow wraith (invisible), a curse skull, a
spectral yaktaur captain, a spectral stone giant, a mummy, a hell knight zombie
and a vault warden zombie (paralysed).

Vanquished Creatures
  Rupert (Lair:5)
  The ghost of mortelune the Earth Mage, an adept DrFE of Vehumet (Shoals:2)
  5 nagarajas (Snake:2)
  2 vault wardens
  A fire giant (Vaults:1)
  Louise (D:15)
  A stone giant (Vaults:2)
  A curse skull (Vaults:3)
  An ironheart preserver (Vaults:2)
  Nessos (Orc:2)
  3 merfolk javelineers (Shoals:4)
  2 blizzard demons (IceCv)
  2 great orbs of eyes
  An ice dragon (Vaults:2)
  4 ogre magi
  5 yaktaur captains
  4 merfolk impalers (Shoals:4)
  Harold (D:7)
  3 rakshasas
  3 hydras
  4 vault guards
  3 centaur warriors
  2 naga warriors (Snake:4)
  2 merfolk avatars
  An alligator snapping turtle (Shoals:2)
  A merfolk aquamancer (Shoals:4)
  4 two-headed ogres (Vaults:1)
  3 anacondas
  2 deep troll shamans
  A satyr (Shoals:4)
  2 orc high priests (Orc:2)
  3 shock serpents
  2 deep troll earth magi (Vaults:1)
  3 naga sharpshooters (Snake:1)
  A deep elf knight (Vaults:1)
  3 salamander mystics
  2 unseen horrors (Vaults:1)
  3 shadow wraiths
  A titan skeleton (Vaults:3)
  4 wizards
  4 sea snakes
  An unseen horror (shapeshifter) (Vaults:1)
  5 naga ritualists (Snake:2)
  8 deep trolls
  An infernal demonspawn (Orc:2)
  7 orc knights
  Pikel (D:5)
  A harpy (shapeshifter) (Vaults:1)
  2 necromancers
  A phantasmal warrior (D:15)
  7 harpies
  5 ironbrand convokers
  A tengu zombie (D:15)
  3 orc sorcerers
  An oklob plant (D:11)
  7 mana vipers
  A wolf spider (D:15)
  3 fauns (Shoals:3)
  15 ugly things
  4 salamanders
  4 cyclopes
  5 manticores
  3 elephants
  2 guardian serpents
  19 black mambas
  2 merfolk sirens
  5 naga magi
  7 vault sentinels (Vaults:2)
  4 water nymphs
  4 spiny frogs
  A centaur skeleton (D:13)
  An ice statue (IceCv)
  2 rime drakes
  4 freezing wraiths
  4 komodo dragons
  2 anaconda simulacra (IceCv)
  A yaktaur (shapeshifter) (D:15)
  A golden dragon simulacrum (IceCv)
  An efreet (D:15)
  A human skeleton (Vaults:3)
  6 ice devils (IceCv)
  A tengu conjurer (D:13)
  2 spectral merfolk (Shoals:2)
  5 trolls
  6 merfolk
  3 harpy zombies (Shoals:1)
  A polar bear (Lair:3)
  A wolf spider simulacrum (IceCv)
  Grinder (D:6)
  4 blink frogs
  Prince Ribbit (D:5)
  7 slime creatures
  3 snapping turtles
  6 hippogriffs
  A spectral wind drake (Shoals:2)
  3 wyverns
  A wraith (Vaults:1)
  A vampire (D:12)
  4 water elementals
  A tarantella (shapeshifter) (Vaults:1)
  4 dire elephant simulacra (IceCv)
  9 yaks
  2 basilisks
  A hungry ghost (D:9)
  3 death yak simulacra (IceCv)
  A vampire mosquito (D:15)
  A sea snake simulacrum (Shoals:2)
  4 harpy simulacra
  An iron troll simulacrum (IceCv)
  13 wargs
  9 nagas
  2 merfolk simulacra (Shoals:2)
  3 hydra simulacra (IceCv)
  9 water moccasins
  5 porcupines
  2 sky beasts
  18 orc warriors
  An eye of draining (D:9)
  An ice beast (D:6)
  An ettin simulacrum (IceCv)
  A slave (D:5)
  3 black bears
  23 ogres
  3 boggarts (Vaults:1)
  A necrophage (D:14)
  2 phantoms
  4 wolves (Lair:1)
  8 centaurs
  A big kobold (D:8)
  14 crocodiles
  17 bullfrogs
  2 hippogriff zombies (Shoals:1)
  A gnoll sergeant (D:8)
  A glowing shapeshifter simulacrum (Vaults:3)
  A wyvern zombie (D:14)
  5 scorpions
  A troll zombie (D:11)
  13 killer bees
  6 electric eels
  10 wights
  3 howler monkeys
  3 crimson imps
  2 centaur zombies
  2 human zombies (D:11)
  4 draconian simulacra (IceCv)
  8 hounds
  A gnoll shaman (D:8)
  9 jellies
  4 orc priests
  A bullfrog skeleton (D:10)
  4 iguanas
  16 orc wizards
  A spriggan simulacrum (IceCv)
  7 worker ants
  A troll simulacrum (IceCv)
  A wolf simulacrum (IceCv)
  A centaur simulacrum (IceCv)
  An ogre zombie (D:11)
  A hound zombie (D:8)
  A hound skeleton (D:7)
  A worker ant zombie (D:9)
  A mummy (D:11)
  10 gnolls
  2 naga simulacra (IceCv)
  14 adders
  2 river rats (D:10)
  A shadow imp (D:14)
  7 white imps (IceCv)
  2 ufetubi (IceCv)
  3 oozes
  An adder zombie (D:8)
  An adder skeleton (D:4)
  5 worms
  A dart slug (D:4)
  A leopard gecko (D:9)
  53 orcs
  4 bats
  5 giant cockroaches
  9 goblins
  13 hobgoblins
  10 jackals
  5 quokkas
  3 ball pythons
  4 frilled lizards
  A jackal skeleton (D:4)
  19 kobolds
  An orc zombie (D:11)
  2 rats (D:2)
  4 fungi (Lair:6)
  25 plants
  2 tentacles (Shoals:3)
789 creatures vanquished.

Vanquished Creatures (collateral kills)
  Vashnia (Snake:3)
  A kraken (Shoals:3)
  A sphinx (Vaults:1)
  Gastronok (Lair:2)
  Roxanne (Shoals:3)
  An azure jelly (Shoals:4)
  5 nagarajas
  Donald (Shoals:1)
  The ghost of Zankipu the Fighter, a journeyman HONe of Trog (D:14)
  A frost giant (D:15)
  Aizul (Snake:3)
  An orc warlord (Orc:1)
  4 vault wardens
  5 ironheart preservers
  2 very ugly things
  A stone giant (Vaults:2)
  The ghost of Yroovet the Grappler, a journeyman TrFi of Wu Jian (Lair:3)
  2 merfolk impalers
  A quicksilver dragon zombie (D:15)
  A fire dragon (D:15)
  5 yaktaur captains
  An ice dragon (shapeshifter) (Vaults:1)
  A rakshasa (Vaults:2)
  2 vault guards
  9 hydras
  9 naga warriors
  4 merfolk avatars
  4 alligator snapping turtles
  A catoblepas (Lair:5)
  5 centaur warriors
  2 ogre magi (Vaults:2)
  2 dancing weapons (D:14)
  8 anacondas
  A death yak (Lair:2)
  2 death knights
  3 merfolk aquamancers
  9 two-headed ogres
  A shock serpent (shapeshifter) (Vaults:2)
  6 shock serpents
  4 orc high priests (Orc:2)
  A storm dragon zombie (D:15)
  8 naga sharpshooters
  A soul eater (Orc:2)
  2 skeletal warriors (D:15)
  A wizard (Vaults:2)
  2 salamander mystics
  A torturous demonspawn (Orc:2)
  An infernal demonspawn (Orc:2)
  A deep troll (Vaults:1)
  9 sea snakes
  4 ironbrand convokers (Vaults:1)
  4 naga ritualists
  6 harpies
  6 orc knights
  A mana viper (Snake:2)
  15 ugly things
  3 cyclopes
  6 salamanders
  An orc sorcerer (Orc:2)
  8 slime creatures
  2 fauns (Shoals:3)
  A deep elf mage (D:15)
  6 manticores
  A rust devil (Orc:2)
  2 merfolk sirens
  7 elephants
  A torpor snail (Lair:2)
  A centaur zombie (D:13)
  2 guardian serpents (Snake:4)
  4 vault sentinels
  26 black mambas
  8 naga magi
  4 water nymphs
  11 spiny frogs
  A gargoyle (D:12)
  5 freezing wraiths
  5 rime drakes
  5 komodo dragons
  A harpy zombie (Shoals:1)
  20 merfolk
  2 trolls
  5 yaktaurs
  A jumping spider (shapeshifter) (Vaults:1)
  A spriggan skeleton (D:15)
  2 wind drakes (Shoals:4)
  3 polar bears (Lair:3)
  A hornet (D:10)
  3 hippogriffs
  13 blink frogs
  4 snapping turtles
  A spectral wind drake (Shoals:2)
  3 dream sheep (Shoals:1)
  A hippogriff (shapeshifter) (Vaults:1)
  15 yaks
  2 water elementals
  6 wyverns
  2 wraiths (Vaults:2)
  A golden eye (Lair:1)
  A chaos spawn (Orc:2)
  A vampire mosquito (D:15)
  A hungry ghost (D:13)
  6 wargs
  19 nagas
  9 water moccasins
  2 swamp drakes (D:10)
  An ice beast (D:13)
  4 sky beasts
  12 orc warriors
  A necrophage (D:11)
  10 ogres
  2 wolves (Lair:1)
  4 centaurs
  5 crocodiles
  A big kobold (D:11)
  9 bullfrogs
  An ogre simulacrum (Vaults:1)
  A wyvern zombie (D:10)
  A merfolk simulacrum (Shoals:2)
  A water nymph simulacrum (Shoals:2)
  A water moccasin skeleton (D:9)
  3 killer bees
  7 wights
  2 human simulacra (Vaults:1)
  A quasit (D:12)
  2 hounds
  9 jellies
  7 orc priests
  2 bullfrog skeletons
  3 centaur skeletons
  6 orc wizards
  A human zombie (D:11)
  An iguana (D:12)
  2 worker ants
  A centaur simulacrum (IceCv)
  An adder (Lair:3)
  An ufetubus (IceCv)
  An ooze (Lair:5)
  26 orcs
  A bush (Lair:6)
  13 fungi
  47 plants
  2 withered plants (D:15)
604 creatures vanquished.

Vanquished Creatures (others)
  An orc warlord (D:15)
  An ironheart preserver (Vaults:3)
  2 orc high priests
  10 orc knights
  A manticore (Shoals:3)
  3 orc sorcerers
  A naga mage (Snake:2)
  A slime creature (Vaults:2)
  6 orc wizards
  A black bear (shapeshifter) (Vaults:2)
  26 orc warriors
  A human zombie (Vaults:3)
  A centaur (Vaults:1)
  14 orc priests
  An ufetubus (IceCv)
  58 orcs
  A fungus (Lair:3)
  17 plants
  3 tentacles (Shoals:3)
  A withered plant (D:15)
150 creatures vanquished.

Grand Total: 1543 creatures vanquished

Notes
Turn   | Place    | Note
-------+----------+-------------------------------------------
     0 | D:1      | Gall2222 the Hill Orc Fighter began the quest for the Orb.
     0 | D:1      | Reached XP level 1. HP: 19/19 MP: 1/1
   194 | D:1      | Reached XP level 2. HP: 27/27 MP: 2/2
   800 | D:2      | Reached XP level 3. HP: 27/33 MP: 3/3
   945 | D:2      | You fall into a shaft and drop 1 floor!
  1326 | D:2      | Reached XP level 4. HP: 39/40 MP: 4/4
  1905 | D:3      | Found a transporter.
  1906 | D:3      | Noticed demivan's ghost (amateur HOMo)
  1919 | D:3      | Found a transporter.
  2001 | D:3      | Reached XP level 5. HP: 43/47 MP: 5/5
  2016 | D:3      | Noticed an ogre
  2046 | D:3      | Killed an ogre
  2046 | D:3      | Reached skill level 5 in Axes
  2274 | D:3      | Reached XP level 6. HP: 17/55 MP: 6/6
  2867 | D:4      | Found a staircase to the Ecumenical Temple.
  2870 | D:4      | Found a sparkling altar of Nemelex Xobeh.
  2881 | D:4      | You fall into a shaft and drop 3 floors!
  2971 | D:7      | Reached skill level 5 in Fighting
  3079 | D:6      | Found a sacrificial altar of Ru.
  3099 | D:6      | Noticed a phantom
  3100 | D:6      | Noticed Grinder
  3107 | D:5      | Entered Level 5 of the Dungeon
  3118 | D:5      | Killed a phantom
  3118 | D:5      | Reached XP level 7. HP: 57/61 MP: 7/7
  3365 | D:4      | Found a sparkling altar of Nemelex Xobeh.
  3453 | D:4      | Reached skill level 5 in Armour
  3512 | D:4      | Reached skill level 5 in Shields
  3983 | D:4      | Reached XP level 8. HP: 70/70 MP: 8/8
  4225 | D:5      | Noticed Pikel
  4241 | D:5      | Killed Pikel
  4269 | D:5      | Became a worshipper of Beogh the Brigand
  4641 | D:5      | Noticed Prince Ribbit
  4973 | D:5      | Killed Prince Ribbit
  4973 | D:5      | Reached skill level 1 in Invocations
  5059 | D:5      | Reached skill level 2 in Invocations
  5059 | D:5      | Reached XP level 9. HP: 72/78 MP: 10/10
  5085 | D:6      | Paralysed by Grinder for 6 turns
  5092 | D:6      | Killed Grinder
  5095 | D:6      | Reached skill level 10 in Axes
  5298 | D:6      | Reached skill level 3 in Invocations
  5401 | D:6      | Reached * piety under Beogh
  5414 | D:6      | Found a bloodstained altar of Trog.
  5536 | D:6      | Reached skill level 4 in Invocations
  5549 | D:6      | Found a transporter.
  5551 | D:6      | Noticed Protee's ghost (novice BaFi)
  5572 | D:6      | Found a transporter.
  5572 | D:6      | Identified the cursed +0 great mace of Kindness {venom,
                  | +Inv MR- Str+3}
  5572 | D:6      | Identified the +4 dire flail of the Egg {crush, +Rage rC++
                  | Dex-2}
  5572 | D:6      | Noticed a two-headed ogre
  5758 | D:6      | Found a glowing silver altar of Zin.
  5758 | D:6      | Found a glowing golden altar of the Shining One.
  5763 | D:6      | Found a sacrificial altar of Ru.
  5765 | D:6      | Found a faded altar of an unknown god.
  5767 | D:6      | Found a burning altar of Makhleb.
  5817 | D:7      | Reached XP level 10. HP: 71/88 MP: 13/13
  5818 | D:7      | Reached ** piety under Beogh
  5917 | D:7      | Noticed Harold
  5945 | D:7      | Killed Harold
  5945 | D:7      | Reached skill level 5 in Invocations
  6483 | D:7      | Found a white marble altar of Elyvilon.
  6483 | D:7      | Found a blossoming altar of Fedhas.
  7231 | D:8      | Reached *** piety under Beogh
  7489 | D:8      | Reached skill level 6 in Invocations
  7518 | D:8      | Found a shimmering blue altar of Sif Muna.
  7584 | D:8      | Found a stormy altar of Qazlal.
  8219 | D:9      | Reached XP level 11. HP: 68/97 MP: 15/15
  8397 | D:9      | Found a staircase to the Orcish Mines.
  8523 | D:9      | Got a glittering bronze amulet
  8680 | D:9      | Reached skill level 7 in Invocations
  8682 | D:9      | Reached **** piety under Beogh
  9286 | D:9      | Noticed an orc knight
  9671 | D:10     | Entered Level 10 of the Dungeon
 10465 | D:10     | Noticed an orange crystal statue
 10694 | D:11     | Noticed a cyan ugly thing
 10703 | D:11     | Killed a cyan ugly thing
 11102 | D:11     | Gained Bogdar as an ally
 11102 | D:11     | Reached skill level 10 in Fighting
 11332 | D:11     | Reached skill level 8 in Invocations
 11357 | D:11     | Noticed a cyan ugly thing
 11368 | D:11     | Killed a cyan ugly thing
 11469 | D:11     | Noticed an oklob plant
 11611 | D:11     | Found a staircase to the Lair.
 11779 | D:11     | Found a basalt altar of Yredelemnul.
 11798 | D:11     | Reached ***** piety under Beogh
 12028 | D:11     | Killed an oklob plant
 12028 | D:11     | Reached XP level 12. HP: 91/106 MP: 18/18
 12128 | Lair:1   | Entered Level 1 of the Lair of Beasts
 12162 | Lair:1   | Identified the amulet "Joq Ture" {rN+ Regen+ Dex+6} (You
                  | found it on level 9 of the Dungeon)
 12184 | Lair:1   | Noticed Sonja
 12188 | Lair:1   | Noticed Sonja
 12188 | Lair:1   | Sonja changed into Sonja the golden eye
 12204 | Lair:1   | Killed Sonja the golden eye
 13296 | Lair:2   | Noticed a death yak
 13303 | Lair:2   | Killed a death yak
 13303 | Lair:2   | Reached skill level 9 in Invocations
 13429 | Lair:2   | Reached skill level 15 in Axes
 13571 | Lair:2   | Got an ichor-stained halberd
 13574 | Lair:2   | Identified the +7 halberd of Duty {flame, rF+ rC+} (You
                  | found it on level 2 of the Lair of Beasts)
 13655 | Lair:2   | Noticed Gastronok
 13665 | Lair:2   | Killed Gastronok
 13665 | Lair:2   | Reached skill level 10 in Armour
 14088 | Lair:3   | Found a staircase to the Snake Pit.
 14113 | Lair:3   | Reached skill level 10 in Shields
 14156 | Lair:3   | Noticed Yroovet's ghost (journeyman TrFi)
 14163 | Lair:3   | Found a runed translucent gate.
 14163 | Lair:3   | Found a runed translucent gate.
 14220 | Lair:3   | Gained Syrus as an ally
 14375 | Lair:3   | Noticed a five-headed hydra
 14383 | Lair:3   | Killed an eight-headed hydra
 14586 | Lair:3   | Found a runed translucent gate.
 14878 | Lair:3   | Noticed an eight-headed hydra
 14888 | Lair:3   | Killed a 13-headed hydra
 15156 | Lair:3   | Killed Yroovet's ghost
 15349 | Lair:4   | Reached XP level 13. HP: 116/116 MP: 20/20
 15363 | Lair:4   | Reached skill level 10 in Invocations
 15572 | Lair:4   | Gained Morguth as an ally
 15580 | Lair:4   | Found a staircase to the Shoals.
 16434 | Lair:5   | Found a staircase to the Slime Pits.
 16696 | Lair:5   | Noticed Rupert
 16712 | Lair:5   | Killed Rupert
 16712 | Lair:5   | Reached ****** piety under Beogh
 17392 | Lair:5   | Got a pitted jade amulet
 17474 | Lair:5   | Identified the amulet "Wanoqar" {Spirit *Slow rC+++ Int+4}
                  | (You found it on level 5 of the Lair of Beasts)
 17478 | Lair:6   | Entered Level 6 of the Lair of Beasts
 17508 | Lair:6   | Reached skill level 11 in Invocations
 17932 | Lair:6   | Reached XP level 14. HP: 116/126 MP: 22/22
 20082 | D:13     | Reached skill level 12 in Invocations
 20756 | D:14     | Found a snail-covered altar of Cheibriados.
 20859 | D:14     | Found a gate to the Vaults.
 20950 | D:14     | Noticed Zankipu's ghost (journeyman HONe)
 21088 | D:14     | Found a runed translucent door.
 21713 | D:14     | Killed Zankipu's ghost
 21771 | D:15     | Entered Level 15 of the Dungeon
 21854 | D:15     | Noticed a frost giant
 21857 | D:15     | Noticed a green very ugly thing
 21865 | D:15     | Killed a frost giant
 21869 | D:15     | Noticed Louise
 21871 | D:15     | Reached XP level 15. HP: 136/136 MP: 24/24
 21880 | D:15     | Gained Alork as an ally
 21888 | D:15     | Your ally Alork died
 21889 | D:15     | Killed Louise
 21889 | D:15     | Reached skill level 13 in Invocations
 22356 | D:15     | Found Pumo's Assorted Antiques.
 22401 | D:15     | Bought a glowing helmet for 240 gold pieces
 22460 | D:15     | Found a staircase to the Depths.
 22479 | D:15     | HP: 2/137 [storm dragon zombie (6)]
 23055 | Orc:1    | Entered Level 1 of the Orcish Mines
 23320 | Orc:1    | Noticed an orc warlord
 23334 | Orc:1    | Killed an orc warlord
 23486 | Orc:2    | Entered Level 2 of the Orcish Mines
 23504 | Orc:2    | Found a staircase to the Elven Halls.
 23700 | Orc:2    | Found a roughly hewn altar of Beogh.
 23703 | Orc:2    | Noticed Nessos
 23708 | Orc:2    | Killed Nessos
 23837 | Orc:2    | Found Cyarchu's Food Boutique.
 23838 | Orc:2    | Found Acaquot's Magic Scroll Shop.
 24267 | Orc:2    | Found Kamp's Gadget Emporium.
 24267 | Orc:2    | Found Kishy's Antique Weapon Shoppe.
 24268 | Orc:2    | Found a one-way gate leading to the halls of Pandemonium.
 24813 | Snake:1  | Entered Level 1 of the Snake Pit
 24922 | Snake:1  | Reached skill level 14 in Invocations
 25431 | Snake:1  | Reached XP level 16. HP: 98/147 MP: 26/26
 26369 | Snake:2  | Gained Korbok as an ally
 26677 | Snake:2  | Noticed a nagaraja
 26783 | Snake:2  | Noticed a nagaraja
 26783 | Snake:2  | Noticed a nagaraja
 26788 | Snake:2  | Found a transporter.
 26790 | Snake:2  | Found a radiant altar of Vehumet.
 26791 | Snake:2  | Noticed a nagaraja
 26895 | Snake:2  | Reached skill level 15 in Fighting
 27128 | Snake:2  | Found Olidomnywnu's Gadget Boutique.
 27128 | Snake:2  | Found Kianlore's Jewellery Emporium.
 27129 | Snake:2  | Found Dimu's Jewellery Emporium.
 27154 | Snake:2  | Bought a +3 ring of protection for 252 gold pieces
 27217 | Snake:2  | Noticed a nagaraja
 27230 | Snake:2  | Noticed a nagaraja
 27262 | Snake:2  | Killed a nagaraja
 27265 | Snake:2  | Killed a nagaraja
 27267 | Snake:2  | Killed a nagaraja
 27271 | Snake:2  | Killed a nagaraja
 27271 | Snake:2  | Reached skill level 15 in Invocations
 27273 | Snake:2  | Killed a nagaraja
 27425 | Snake:2  | Noticed a nagaraja
 27437 | Snake:2  | Killed a nagaraja
 27455 | Snake:2  | Killed a nagaraja
 27510 | Snake:2  | HP: 7/149 [orc knight collision (10)]
 27690 | Snake:2  | Got a smoking jade ring
 27695 | Snake:2  | Identified the Compendium of Conjuration
 27706 | Snake:2  | Identified the ring "Jiaqac" {*Tele *Contam rPois rN+ MR+}
                  | (You found it on level 2 of the Snake Pit)
 27718 | Snake:2  | Found a transporter.
 27773 | Snake:2  | Noticed a nagaraja
 27783 | Snake:2  | Killed a nagaraja
 28150 | Snake:3  | Noticed Vashnia
 28158 | Snake:3  | Killed Vashnia
 28291 | Snake:3  | Noticed a nagaraja
 28298 | Snake:3  | Killed a nagaraja
 28542 | Snake:3  | Noticed Aizul
 28550 | Snake:3  | Killed Aizul
 28769 | Snake:3  | Found Quisk's Antique Weapon Shop.
 28896 | Snake:3  | Found Qeyqop's Jewellery Boutique.
 28919 | Snake:3  | Identified a scroll of acquirement
 29284 | Snake:3  | Found Liakeng's Jewellery Shop.
 29290 | Snake:3  | Bought the cursed necklace of Bloodlust {*Rage +Rage MR++
                  | Int-3 Slay+6 *Curse} for 761 gold pieces
 29290 | Snake:3  | Found the cursed necklace of Bloodlust {*Rage +Rage MR++
                  | Int-3 Slay+6 *Curse}
 29517 | Snake:4  | Entered Level 4 of the Snake Pit
 29618 | Snake:4  | Reached XP level 17. HP: 105/158 MP: 28/28
 30781 | Snake:4  | Reached skill level 16 in Invocations
 30803 | Snake:4  | Reached skill level 15 in Armour
 31433 | Shoals:1 | Entered Level 1 of the Shoals
 31435 | Shoals:1 | Noticed Donald
 31453 | Shoals:1 | Reached skill level 15 in Shields
 31459 | Shoals:1 | Killed Donald
 32115 | Shoals:1 | Gained Beowulf as an ally
 32620 | Shoals:2 | Found a runed translucent gate.
 32620 | Shoals:2 | Found a runed translucent gate.
 32620 | Shoals:2 | Found a runed translucent gate.
 32621 | Shoals:2 | Noticed mortelune's ghost (adept DrFE)
 32756 | Shoals:2 | Killed mortelune's ghost
 32796 | Shoals:2 | Got a crude war axe
 32797 | Shoals:2 | Identified the cursed +3 war axe of Fimbulwinter {chop,
                  | rPois rF+} (You found it on level 2 of the Shoals)
 34473 | Shoals:3 | Noticed Roxanne
 34489 | Shoals:3 | Killed Roxanne
 34519 | Shoals:3 | Reached skill level 17 in Invocations
 34915 | Shoals:3 | Noticed a kraken
 34926 | Shoals:3 | Killed a kraken
 35385 | Shoals:4 | Entered Level 4 of the Shoals
 35570 | Shoals:4 | Found a frozen archway.
 35611 | IceCv    | Entered an ice cave
 35977 | IceCv    | Gained Olfik as an ally
 36119 | IceCv    | Gained Bogric as an ally
 36121 | IceCv    | Your ally Bogric died
 36133 | IceCv    | Reached XP level 18. HP: 155/169 MP: 26/30
 36292 | IceCv    | Gained Morbeogh as an ally
 36295 | IceCv    | Your ally Olfik died
 37945 | Shoals:4 | Got a barnacled rune of Zot
 38250 | Vaults:1 | Entered Level 1 of the Vaults
 38254 | Vaults:1 | Gained Brandogh as an ally
 38551 | Vaults:1 | Gained Rocco as an ally
 39346 | Vaults:1 | Reached skill level 18 in Invocations
 39810 | Vaults:1 | Found Osacak's Jewellery Boutique.
 40067 | Vaults:1 | Gained Borgun as an ally
 40069 | Vaults:1 | Your ally Borgun died
 40092 | Vaults:1 | Your ally Rocco died
 40824 | Vaults:1 | Reached XP level 19. HP: 135/179 MP: 32/32
 41527 | Vaults:2 | Gained Bogric as an ally
 42360 | Vaults:2 | Got a pair of heavily runed boots
 42361 | Vaults:2 | Identified the +2 pair of boots "Teuzudin" {*Corrode Int+3
                  | Dex+6} (You found it on level 2 of the Vaults)
 43231 | Vaults:3 | Gained Grimold as an ally
 43484 | Vaults:3 | Your ally Grimold died
 43636 | Vaults:3 | Reached skill level 19 in Invocations
 43636 | Vaults:3 | HP: 13/271 [flayed ghost[a curse skull] (4)]
 43637 | Vaults:3 | HP: 5/271 [flayed ghost[a curse skull] (3)]
 43638 | Vaults:3 | HP: 1/271 [jiangshi[a curse skull] (4)]
 43643 | Vaults:3 | Slain by a hell knight zombie

Levels and vault maps discovered:
D:1:      tarquinn_simple_flora_water_e, layout_basic, minmay_tromino_mix6
D:2:      layout_basic
D:3:      layout_basic, gammafunk_ghost_stat_death, first_ration
D:4:      layout_layer_cave, nemelex_xobeh_ov_fountains_minmay, temple_pool_b,
          nemelex_lonely_heart_becter
D:5:      layout_basic, uniq_prince_ribbit1, uniq_pikel
D:6:      layout_cave_pools, chequers_temple_overflow_minitemple,
          gammafunk_ghost_smash, basic_altar, trog_ov_bears_minmay, uniq_grinder
D:7:      layout_basic, minitemple, grunt_ogre_cave, uniq_harold
D:8:      kennysheep_housing_project, layout_basic,
          lemuel_coloured_pillars_altar, lemuel_doored_altar
D:9:      lemuel_castle_with_subvaults [lemuel_castle_interior_carwin_1],
          layout_irregular_city, orc_0_dummy, hex_medium
D:10:     layout_basic, chequers_serial_rivers_marsh,
          minmay_misc_feat_nine_boxes, disabler_island, uniq_maurice
D:11:     layout_roguey, dpeg_oklobed_lair, lemuel_mausoleum_altar_yredelemnul
D:12:     layout_irregular_city
D:13:     layout_cross
D:14:     layout_loops_corners, erik_vaults_1, hellmonk_ghost_happy_afterlife,
          chequers_serial_rivers_large_a, basic_altar
D:15:     gammafunk_depths_entry_grave, layout_basic, serial_shops,
          nicolae_shop_window_shopping, hangedman_decor_points, minivault_28,
          uniq_louise
Lair:1:   layout_hall_layers, uniq_sonja
Lair:2:   layout_loops_ring, nicolae_quartered_pool_medium, minivault_11,
          hangedman_lair_unloving_vines, beast_lair_carwin_3, uniq_gastronok
Lair:3:   layout_cave_pods, minmay_snake_entry_six_corridors,
          gammafunk_ghost_split, cheibrodos_lair_lostbears
Lair:4:   layout_cave_pods, shoals_dummy_entry, hibernation_bobbens
Lair:5:   cheibrodos_lair_river_kwai, layout_small_grid,
          minmay_slime_entry_jelly_boxes, minmay_stone_trees_large, uniq_rupert
Lair:6:   gammafunk_lair_ancient_temple, layout_cave_pods,
          infiniplex_staircase_pool
Shoals:1: layout_shoals, nicolae_shoals_undead_eyrie, uniq_donald
Shoals:2: layout_shoals, gammafunk_ghost_necromancy
Shoals:3: layout_shoals, ldierk_geyser, nicolae_shoals_kraken_intersection,
          uniq_roxanne
Shoals:4: shoals_end_simple, layout_shoals, portal_ice_cave_entry_frozen_things
Snake:1:  layout_basic
Snake:2:  gammafunk_sealed_library, layout_misc_corridors, minmay_shop_grove
Snake:3:  layout_onion_interference, serial_shops, shop, serial_bayou_shore_a,
          minmay_shoptagon, uniq_vashnia, uniq_aizul
Snake:4:  snake_pit, layout_cave_shapes, serial_bayou_shore_b
Orc:1:    layout_caves
Orc:2:    pf_orc_diabolical, layout_caves, basic_altar, nicolae_orc_rockfall,
          uniq_nessos
Vaults:1: vaults_dpeg_encased_lava, vaults_mumra_minichess, v_misc_1,
          vaults_mumra_chevron_long, vaults_mumra_hexcomb,
          nicolae_vaults_inception_scallops, nicolae_vaults_branching_niches,
          nicolae_vaults_network_barrier, nicolae_vaults_network_square,
          nicolae_vaults_border_crossing, layout_vaults_omnicross, serial_shops,
          nicolae_shop_stone
Vaults:2: grunt_vaults_funnel, v_misc_27, ontoclasm_vaults_ring_small,
          hangedman_vaults_nodes, nicolae_vaults_circle_grid_a,
          nicolae_vaults_display_case, vaults_standard_mumra_x,
          vaults_room_stairs_pillars, vaults_room_grid, grunt_vaults_trifunnel,
          vaults_room_fours, ontoclasm_vaults_gateway, vaults_dpeg_diagonal,
          vaults_room_ringed_pool, layout_vaults_ring
Vaults:3: minmay_crypt_entry_simple_box, ontoclasm_vaults_chip,
          grunt_vaults_hallway_short, vaults_room_door_ring, vaults_dpeg_hooks,
          layout_vaults_omnigrid

Skill      XL: |  1  2  3  4  5  6  7  8  9 10 11 12 13 14 15 16 17 18 19 |
---------------+----------------------------------------------------------+-----
Axes           | 3 4 5 6 7 9 11 12 14 15 17 18 | 18.0
Fighting       | 4 5 6 7 9 10 11 12 13 14 15 17 18 | 18.6
Shields        | 4 5 6 7 8 9 10 11 12 13 14 15 16 17 | 17.5
Armour         | 4 5 6 7 8 9 10 11 12 13 14 15 16 17 | 17.3
Invocations    | 2 4 6 8 9 11 12 14 15 17 18 19 | 19.0

Action                   |  1- 3 |  4- 6 |  7- 9 | 10-12 | 13-15 | 16-18 | 19-21 || total
-------------------------+-------+-------+-------+-------+-------+-------+-------++-------
Melee: War axe           |   111 |   163 |   271 |   732 |   779 |   238 |       ||  2294
       Broad axe         |       |       |       |       |       |   835 |   294 ||  1129
Throw: Throwing net      |       |     1 |       |       |       |       |       ||     1
       Dart              |       |       |       |       |       |     1 |       ||     1
Invok: Convert to Beogh  |       |       |     1 |       |       |       |       ||     1
       Smiting           |       |       |       |     4 |     5 |    19 |     1 ||    29
       Recall Orcish Fol |       |       |       |     4 |    15 |    12 |     1 ||    32
       Stop Recall       |       |       |       |     3 |     6 |     5 |     1 ||    15
       Give Item to Name |       |       |       |     1 |     1 |     1 |       ||     3
       Resurrection      |       |       |       |       |     2 |       |     1 ||     3
 Abil: Evoke Berserk Rag |       |       |       |       |       |     1 |       ||     1
Evoke: Wand              |       |       |     3 |    15 |     4 |     1 |       ||    23
  Use: Potion            |     1 |     1 |       |     4 |     1 |    15 |     1 ||    23
       Scroll            |       |       |       |    17 |    11 |    12 |     2 ||    42
 Stab: Confused          |       |       |       |     1 |     5 |       |       ||     6
       Distracted        |       |       |       |     3 |    11 |     7 |     5 ||    26
       Petrified         |       |       |       |       |     5 |       |       ||     5
       Petrifying        |       |       |       |       |     1 |       |       ||     1
       Paralysed         |       |       |       |       |     1 |       |       ||     1
  Eat: Chunk             |     1 |     6 |     9 |    26 |    25 |    21 |     9 ||    97
       Ration            |       |       |       |     2 |     2 |     9 |       ||    13
Armor: Scale mail        |    11 |       |       |       |       |       |       ||    11
       Chain mail        |    54 |    92 |   153 |   311 |   305 |   479 |   114 ||  1508
Dodge: Dodged            |    30 |    25 |    53 |   158 |   153 |   221 |    52 ||   692
Block: Shield            |    60 |    65 |   138 |   394 |   435 |   517 |   143 ||  1752
       Large shield      |       |       |       |       |       |   162 |       ||   162
       Reflection        |       |       |       |       |       |    31 |    21 ||    52

Table legend:
 A = Non-vault XP
 B = Vault XP
 C = Vault XP percentage of total XP
 D = Non-vault monster count
 E = Vault monster count
 F = Vault count percentage of total count
                 A         B        C        D         E       F
            +---------+---------+-------+---------+---------+-------
      Total |  221018 |  156467 |  41.4 |     885 |     417 |  32.0
            +---------+---------+-------+---------+---------+-------
        D:1 |      10 |       5 |  33.3 |       7 |       3 |  30.0
        D:2 |     116 |       0 |   0.0 |      18 |       0 |   0.0
        D:3 |     235 |       0 |   0.0 |      30 |       0 |   0.0
        D:4 |     592 |       0 |   0.0 |      24 |       0 |   0.0
        D:5 |     342 |     941 |  73.3 |       6 |       2 |  25.0
        D:6 |    1724 |     538 |  23.8 |      43 |       3 |   6.5
        D:7 |     392 |    1150 |  74.6 |      13 |       2 |  13.3
        D:8 |    1532 |     951 |  38.3 |      39 |      30 |  43.5
        D:9 |    1532 |    2873 |  65.2 |      21 |      32 |  60.4
       D:10 |    1580 |     437 |  21.7 |      22 |       4 |  15.4
       D:11 |    2480 |    1125 |  31.2 |      34 |      13 |  27.7
       D:12 |    3470 |       0 |   0.0 |      22 |       0 |   0.0
       D:13 |    4202 |       0 |   0.0 |      29 |       0 |   0.0
       D:14 |    7650 |    2623 |  25.5 |      23 |       3 |  11.5
       D:15 |    4148 |   13163 |  76.0 |      19 |      21 |  52.5
     Lair:1 |    2165 |      98 |   4.3 |      17 |       1 |   5.6
     Lair:2 |    2459 |    2774 |  53.0 |      12 |       6 |  33.3
     Lair:3 |    2581 |    3270 |  55.9 |       9 |      20 |  69.0
     Lair:4 |    4781 |     281 |   5.6 |      22 |       1 |   4.3
     Lair:5 |    7051 |    5019 |  41.6 |      30 |      21 |  41.2
     Lair:6 |    7818 |    6525 |  45.5 |      32 |      25 |  43.9
   Shoals:1 |   10799 |    2810 |  20.6 |      28 |       7 |  20.0
   Shoals:2 |    8750 |    3229 |  27.0 |      25 |      11 |  30.6
   Shoals:3 |    7656 |    3623 |  32.1 |      22 |       2 |   8.3
   Shoals:4 |    8449 |   12529 |  59.7 |      21 |      23 |  52.3
    Snake:1 |   19605 |       0 |   0.0 |      46 |       0 |   0.0
    Snake:2 |   11316 |   17851 |  61.2 |      29 |      17 |  37.0
    Snake:3 |   12146 |    5156 |  29.8 |      34 |       5 |  12.8
    Snake:4 |   18082 |     427 |   2.3 |      41 |       3 |   6.8
      Orc:1 |    2514 |       0 |   0.0 |      17 |       0 |   0.0
      Orc:2 |    1808 |   10153 |  84.9 |      14 |      30 |  68.2
   Vaults:1 |   22332 |   29852 |  57.2 |      45 |      47 |  51.1
   Vaults:2 |   26957 |   18221 |  40.3 |      65 |      33 |  33.7
   Vaults:3 |   13744 |    1521 |  10.0 |      26 |       1 |   3.7
      IceCv |       0 |    9322 | 100.0 |       0 |      51 | 100.0
            +---------+---------+-------+---------+---------+-------
